 Dungeon Crawl Stone Soup version 0.27-a0-590-g94244163b4 (webtiles) character file.

Game seed: 43441166913657000

407 sanka the Reanimator (level 6, -1/44 HPs)
             Began as a Vampire Necromancer on Mar 10, 2021.
             Slain by a gnoll
             ... wielding a +0 antimagic halberd
              (15 damage)
             ... on level 4 of the Dungeon.
             The game lasted 00:08:28 (3766 turns).

sanka the Reanimator (Vampire Necromancer)          Turns: 3766, Time: 00:08:28

Health: -1/44      AC:  8    Str: 13    XL:     6   Next: 57%
Magic:  1/9        EV: 13    Int: 17    God:
Gold:   116        SH:  0    Dex: 17    Spells: 0/9 levels left

rFire    . . .     SeeInvis +   n - +3 quarterstaff (chaos)
rCold    . . .     Faith    .   (shield currently unavailable)
rNeg     . . .     Spirit   .   q - +2 leather armour {Will+}
rPois    .         Reflect  .   (no helmet)
rElec    .         Harm     .   l - +2 cloak
rCorr    .         Rampage  .   (no gloves)
Will     +....                  (no boots)
Stlth    ++........             (no amulet)
HPRegen  0.34/turn              d - ring of wizardry
MPRegen  0.11/turn              o - +6 ring of strength

@: regenerating quickly
A: fangs 3, see invisible, unbreathing 1
a: Exsanguinate


You were on level 4 of the Dungeon.
You visited 1 branch of the dungeon, and saw 4 of its levels.

You collected 116 gold pieces.


Innate Abilities, Weirdness & Mutations

Your natural rate of healing is unusually fast.
You have razor-sharp teeth.
You have supernaturally acute eyesight. (SInv)
You can survive without breathing.


   Skills:
 + Level 1.7 Fighting
 + Level 3.3 Dodging
 - Level 3.0 Stealth
 - Level 2.0 Spellcasting
 - Level 8.0 Necromancy


You couldn't memorise any spells.
You knew the following spells:

 Your Spells              Type           Power      Damage    Failure   Level
x - Vampiric Draining     Necr           14%        2d8       1%          3
z - Pain                  Necr           100%       1d9       1%          1
X - Animate Dead          Necr           14%        N/A       3%          4
Z - Animate Skeleton      Necr           56%        N/A       1%          1

Your spell library contained the following spells:

 Spells                   Type           Power      Damage    Failure   Level
 Beastly Appendage        Tmut           2%         N/A       10%         1
 Agony                    Necr           28%        N/A       11%         5
 Wereblood                Tmut           1%         N/A       16%         2
 Spider Form              Tmut/Pois      0%         N/A       28%         3
 Ice Form                 Ice/Tmut       1%         N/A       65%         4
 Blade Hands              Tmut           0%         N/A       92%         5

Inventory:

Hand Weapons
 b - a +0 dagger
 n - a +3 quarterstaff of chaos (weapon)
Missiles
 j - 4 curare-tipped darts (quivered) {=f}
Armour
 a - a +0 robe
 l - a +2 cloak (worn)
 q - a +2 leather armour of willpower (worn)
Magical Staves
 s - a staff of earth
Jewellery
 d - a ring of wizardry (right hand)
 o - a +6 ring of strength (left hand)
Scrolls
 c - a scroll of fog {unknown}
 e - a scroll of immolation {unknown}
 f - a scroll of identify {unknown}
 g - a scroll of random uselessness {unknown}
 h - 2 scrolls of teleportation {unknown}
 k - a scroll of noise {unknown}
 r - a scroll of magic mapping {unknown}
Potions
 i - a potion of ambrosia {unknown}
 m - a potion of berserk rage {unknown}
 p - a potion of brilliance {unknown}

Dungeon Overview and Level Annotations

Branches:
Dungeon (4/15)
 Temple: D:4-7

Altars:
Cheibriados
Hepliaklqana
Ru
Zin

▒....▒ ▒....▒ ▒.▒▒ .
▒▒▒....▒▒ ▒.. ▒.▒.......
... ▒........▒▒▒ ▒..
...........▒ ▒.▒
▒....g.▒.▒▒ ▒.▒
▒..V.▒..▒▒▒▒.▒
▒▒▒..g....▒▒.▒▒▒▒▒▒▒
▒.▒▒▒............▒ ▒.▒
▒▒▒▒▒▒)...▒▒.. ▒.▒.▒▒▒.▒
▒........▒ ........▒
▒...g.<▒.▒
▒.▒.▒▒.......▒..........
▒...▒▒▒............
▒...▒ ▒▒▒........B.


You could see 2 gnolls.


Message History

You struggle against the net.
The gnoll hits you from afar with a +0 antimagic halberd.
* * * LOW HITPOINT WARNING * * *
You feel your power leaking away.
You struggle against the net.
The gnoll hits you but does no damage.
You struggle against the net.
The gnoll hits you but does no damage.
You struggle against the net.
You shred the net and break free!
The gnoll hits you from afar with a +0 antimagic halberd.
* * * LOW HITPOINT WARNING * * *
You feel your power leaking away. The gnoll barely misses you.
The gnoll hits you but does no damage.
The gnoll throws a throwing net.
The throwing net hits you.
You become entangled in the net!
There is a stone staircase leading up here.
You see here a throwing net {=f}.
You struggle against the net.
You tear a large gash into the net.
The gnoll hits you.
* * * LOW HITPOINT WARNING * * *
You struggle against the net.
The gnoll hits you.
* * * LOW HITPOINT WARNING * * *
You rip the net and break free!
The gnoll hits you from afar with a +0 antimagic halberd!
You die...

Action                   |  1- 3 |  4- 6 || total
-------------------------+-------+-------++-------
Melee: Unarmed           |    18 |       ||    18
       Bite              |     4 |     5 ||     9
       Dagger            |    14 |       ||    14
       Quarterstaff      |       |    41 ||    41
Throw: Dart              |       |     2 ||     2
 Cast: Pain              |    68 |    54 ||   122
       Animate Skeleton  |     1 |       ||     1
       Vampiric Draining |       |     7 ||     7
 Stab: Sleeping          |     2 |     3 ||     5
       Paralysed         |       |     2 ||     2
Armor: Robe              |    14 |     4 ||    18
       Leather armour    |       |     7 ||     7
Dodge: Dodged            |    37 |    45 ||    82

Levels and vault maps discovered:
D:1:      wheals_arrival_shading, layout_rooms
D:2:      layout_basic, chequers_serial_rivers_micro_c, uniq_crazy_yiuf_cottage
D:3:      layout_basic, nicolae_overflow_hidden_temple
D:4:      layout_rooms, kennysheep_mini, temple_pool_b

Notes
Turn   | Place    | Note
-------+----------+-------------------------------------------
     0 | D:1      | sanka the Vampire Necromancer began the quest for the Orb.
     0 | D:1      | Reached XP level 1. HP: 13/13 MP: 3/3
     2 | D:1      | Learned a level 1 spell: Animate Skeleton
   203 | D:1      | Reached XP level 2. HP: 16/19 MP: 1/5
   237 | D:1      | Reached skill level 5 in Necromancy
   818 | D:2      | Reached XP level 3. HP: 22/24 MP: 2/6
   959 | D:2      | Learned a level 3 spell: Vampiric Draining
  1503 | D:2      | Noticed an ogre
  1692 | D:2      | Found a runed translucent door.
  1693 | D:2      | Noticed Crazy Yiuf
  1885 | D:2      | Reached skill level 6 in Necromancy
  1946 | D:2      | Reached XP level 4. HP: 22/30 MP: 3/7
  2128 | D:2      | Killed Crazy Yiuf
  2584 | D:3      | Reached skill level 7 in Necromancy
  2584 | D:3      | Reached XP level 5. HP: 31/35 MP: 2/8
  2689 | D:2      | Killed an ogre
  2764 | D:3      | Found a sacrificial altar of Ru.
  2990 | D:3      | Found a hazy altar of Hepliaklqana.
  2993 | D:3      | Found a snail-covered altar of Cheibriados.
  3022 | D:3      | Reached skill level 8 in Necromancy
  3141 | D:3      | Reached XP level 6. HP: 36/42 MP: 5/9
  3224 | D:3      | Learned a level 4 spell: Animate Dead
  3530 | D:3      | Reached skill level 1 in Fighting
  3638 | D:3      | Reached skill level 3 in Dodging
  3766 | D:4      | Slain by a gnoll

Vanquished Creatures
  An ogre (D:2)
  A scorpion (D:3)
  Crazy Yiuf (D:2)
  2 orc priests
  2 orc wizards (D:3)
  3 adders
  2 oozes (D:2)
  2 worms
  2 leopard geckos
  7 orcs
  11 bats
  2 giant cockroaches
  10 goblins
  3 hobgoblins
  16 jackals
  6 kobolds
  4 quokkas
  2 ball pythons
  5 frilled lizards
  9 rats
91 creatures vanquished.
